 Dungeon Crawl Stone Soup version 0.30.1-11-g7821555f0a (webtiles) character file.

Game seed: 6363539654470864292

87888 SacredBeard the Fencer (level 15, -33/124 HPs)
             Began as a Demonspawn Necromancer on Nov 25, 2023.
             Was the Champion of Jiyva.
             Annihilated by a bunyip (34 damage)
             ... on level 1 of the Swamp.
             The game lasted 01:53:11 (22976 turns).

SacredBeard the Fencer (Demonspawn Necromancer)    Turns: 22976, Time: 01:53:11

Health: -33/124    AC:  5    Str:  6    XL:     15   Next: 8%
Magic:  0/22       EV: 11    Int: 24    God:    Jiyva [******]
Gold:   1516       SH:  6    Dex: 23    Spells: 21/24 levels left

rFire   + + +        n - +7 long sword
rCold   + + +        v - +0 buckler
rNeg    + + +        T - +2 ring mail of the Eternal Void {Contam rC++ Regen+ rCorr}
rPois   .            (helmet unavailable)
rElec   .            a - +0 cloak
rCorr   +            (no gloves)
SInv    .            (boots unavailable)
Will    +++++        (no amulet)
Stlth   +++++        e - ring of Mipralag {*Corrode +Blink rN+++ Str-3 Int+6}
HPRegen 2.80/turn    H - ring "Ozupip" {rC+ Will++}
MPRegen 0.86/turn

%: corrode self (3%), guardian spirit
@: about to teleport, corroded
A: hooves 3, thin skeletal structure 2, powered by pain 2, magic shield, magic
regeneration, magic link, horns 3, fire resistance 3, strong-willed 2, wild
magic 1, translucent skin 1, jelly sensing items, engulf
}: 1/15 runes: slimy
a: Renounce Religion, Evoke Blink, Oozemancy, Slimify


You were on level 1 of the Swamp.
You worshipped Jiyva.
Jiyva was exalted by your worship.
You visited 5 branches of the dungeon, and saw 28 of its levels.
You also visited: Sewer.

You collected 1656 gold pieces.
You spent 140 gold pieces at shops.

Inventory:

Hand Weapons
 n - a +7 long sword (weapon)
 q - a +2 long sword of flaming
Missiles
 s - 7 javelins
 G - 13 poisoned darts
 I - a curare-tipped dart
 O - 4 atropa-tipped darts
 S - 6 boomerangs
 V - a throwing net
Armour
 a - a +0 cloak (worn)
 o - a +2 helmet
 u - the +2 robe of the Fae God {Archmagi}
   (You found it on level 3 of the Dungeon)

   Archmagi:  It increases the power of your magical spells.
 v - a +0 buckler (worn)
 T - the +2 ring mail of the Eternal Void (worn) {Contam rC++ Regen+ rCorr}
   (You found it on level 5 of the Pits of Slime)

   rC:        It greatly protects you from cold.
   Contam:    It causes magical contamination when unequipped.
   Regen:     It increases your rate of health regeneration.
   rCorr:     It protects you from acid and corrosion.
Magical Staves
 L - the staff of air "Lulatz" {Fly rElec rPois Will++ Str-3}
   (You found it on level 11 of the Dungeon)

   [staff of air]

   Base accuracy: +5 Base damage: 5 Base attack delay: 1.2 This weapon's minimum
   attack delay (0.6) is reached at skill level 12.
   Str:       It affects your strength (-3).
   rElec:     It insulates you from electricity.
   rPois:     It protects you from poison.
   Fly:       It grants you flight.
   Will:      It greatly increases your willpower.
   It falls into the 'Staves' category.
   It is a one-handed weapon.
Jewellery
 e - the ring of Mipralag (left hand) {*Corrode +Blink rN+++ Str-3 Int+6}
   (You found it on level 5 of the Pits of Slime)

   [ring of intelligence]

   Str:       It affects your strength (-3).
   Int:       It affects your intelligence (+6).
   rN:        It renders you almost immune to negative energy.
   +Blink:    It lets you blink.
   *Corrode:  It may corrode you when you take damage.
 k - a +5 ring of evasion
 y - a ring of see invisible
 H - the ring "Ozupip" (right hand) {rC+ Will++}
   (You found it on level 5 of the Pits of Slime)

   [ring of protection from cold]

   rC:        It protects you from cold.
   Will:      It greatly increases your willpower.
Wands
 A - a wand of polymorph (11)
 B - a wand of roots (20)
 C - a wand of flame (14)
 E - a wand of digging (10)
 N - a wand of charming (7)
 R - a wand of light (6)
 Y - a wand of mindburst (6)
Scrolls
 c - a scroll of fear
 f - 2 scrolls of enchant armour
 i - 9 scrolls of teleportation
 j - 3 scrolls of enchant weapon
 l - 2 scrolls of silence
 r - 2 scrolls of blinking
 t - a scroll of identify
 J - a scroll of brand weapon {unknown}
 K - a scroll of magic mapping
 M - a scroll of poison
 P - a scroll of amnesia
 Q - 3 scrolls of fog
 X - a scroll of vulnerability {unknown}
Potions
 b - 4 potions of magic
 d - 5 potions of might
 g - a potion of attraction {unknown}
 h - 2 potions of ambrosia
 m - 3 potions of mutation
 p - 2 potions of haste {unknown}
 w - 3 potions of invisibility
 x - a potion of resistance {unknown}
 z - 2 potions of degeneration {unknown}
 D - 3 potions of curing
 F - 3 potions of brilliance {unknown}
Miscellaneous
 Z - a phantom mirror


   Skills:
 + Level 13.5 Fighting
 * Level 16.2 Long Blades
 - Level 5.0 Throwing
 - Level 5.0 Armour
 - Level 5.0 Dodging
 - Level 3.0 Stealth
 - Level 5.0 Shields
 - Level 5.0 Spellcasting
 - Level 6.0 Summonings
 - Level 7.0 Necromancy
 - Level 6.0 Evocations


You had 21 spell levels left.
You knew the following spells:

 Your Spells              Type           Power      Damage    Failure   Level
a - Necrotise             Necr           100%       1d9       4%          1
b - Passwall              Tmut/Erth      5%         N/A       67%         2

Your spell library contained the following spells:

 Spells                   Type           Power      Damage    Failure   Level
 Vampiric Draining        Necr           51%        2d9       13%         3
 Animate Dead             Necr           51%        N/A       34%         4
 Summon Guardian Golem    Hex/Summ       26%        N/A       47%         3
 Freeze                   Ice            28%        1d5       52%         1
 Sandblast                Erth           14%        2d6       52%         1
 Shock                    Conj/Air       28%        1d4       52%         1
 Blink                    Tloc           14%        N/A       67%         2
 Lesser Beckoning         Tloc           14%        N/A       67%         2
 Momentum Strike          Conj/Tloc      14%        3d8       67%         2
 Static Discharge         Conj/Air       14%        2-3/arc   67%         2
 Agony                    Necr           51%        N/A       67%         5
 Animate Armour           Summ/Erth      52%        N/A       86%         4
 Summon Ice Beast         Ice/Summ       26%        N/A       86%         4
 Summon Lightning Spire   Summ/Air       26%        N/A       86%         4
 Dazzling Flash           Conj/Hex       14%        N/A       87%         3
 Frozen Ramparts          Ice            14%        1d3       87%         3
 Ignite Poison            Fire/Tmut/Pois 7%         N/A       87%         3
 Stone Arrow              Conj/Erth      14%        3d7       87%         3
 Swiftness                Air            7%         N/A       87%         3
 Borgnjor's Vile Clutch   Necr/Erth      14%        N/A       98%         5
 Airstrike                Air            3%         2d(1-17)  99%         4
 Leda's Liquefaction      Hex/Erth       3%         N/A       99%         4
 Passage of Golubria      Tloc           7%         N/A       99%         4
 Sticky Flame             Conj/Fire      7%         2d3       99%         4
 Summon Forest            Summ/Tloc      13%        N/A       99%         5
 Summon Mana Viper        Hex/Summ       26%        N/A       99%         5
 Blade Hands              Tmut           3%         N/A       100%        5
 Metabolic Englaciation   Hex/Ice        3%         N/A       100%        5
 Silence                  Hex/Air        3%         N/A       100%        5
 Yara's Violent Unravell  Hex/Tmut       3%         3d4       100%        5
 Iron Shot                Conj/Erth      3%         9d2       100%        6
 Simulacrum               Ice/Necr       14%        N/A       100%        6
 Summon Cactus Giant      Summ           22%        N/A       100%        6
 Monstrous Menagerie      Summ           22%        N/A       100%        7
 Ignition                 Fire           3%         3d4       100%        8
 Lehudib's Crystal Spear  Conj/Erth      3%         10d3      100%        8
 Polar Vortex             Ice            3%         N/A       100%        9


Dungeon Overview and Level Annotations

Branches:
Dungeon (15/15) Zot: 25249  Temple (0/1) D:7            Lair (5/5) D:9 Zot: 24995
  Swamp (1/4) Lair:3 Zot: 5968  Spider (0/4) Lair:2        Slime (5/5) Lair:5 Zot: 26670
    Orc (2/2) D:12 Zot: 10134     Elf (0/3) Orc:2        Vaults (0/5) D:14
 Depths (0/4) D:15          Sewer (visited)

Altars:
Cheibriados
Gozag
Kikubaaqudgha
Nemelex Xobeh
Okawaru
Trog
Uskayaw
Wu Jian
Jiyva

Shops:
D:11 *   D:14 ?   Orc:2 [?(:

Portals:
Ice
Cave: Swamp:1

Annotations:
D:10 3 runed translucent doors, aleksiErkki's ghost, novice DECj
D:15 Agnes
Lair:1 2 transporters, exclusion: oklob plant, kalagan's ghost, journeyman DECj
Lair:3 exclusion: orange crystal statue
Slime:2 Dissolution
Slime:5 Royal Jelly


Innate Abilities, Weirdness & Mutations

You have hooves in place of feet.
You have a moderately thin skeletal structure. (Dex +4, Stealth++)
You sometimes gain power by taking damage.
When hurt, damage is shared between your health and your magic reserves.
You regenerate magic rapidly.
When low on magic, you restore magic in place of health.
You have a pair of large horns on your head.
Your flesh is almost immune to the effects of heat. (rF+++)
You are highly strong-willed. (Will++)
Your spells are a little harder to cast, but a little more powerful.
Your translucent skin slightly reduces your foes' accuracy. (Stealth+)
You have a small jelly attached to you that senses nearby items.
Your melee attacks may engulf your foes in ooze.


Message History

You are engulfed in spectral mist.
The bunyip is engulfed in spectral mist.
The bunyip claws you!!
You focus on the pain.
You feel your power returning.
Your corrosive artefact corrodes you!
The bunyip claws you!!
You focus on the pain.
You feel your power returning. You block the bunyip's attack.
You block the ghost crab's attack. The ghost crab closely misses you.
You hit the ghost crab.
You engulf the ghost crab in ooze!
You kick the ghost crab.
The ghost crab is severely damaged.
You are engulfed in spectral mist.
The spectral death drake bites you.
A swamp worm comes into view.
The ghost crab barely misses you. The ghost crab claws you!
Unknown command.
You hit the ghost crab but do no damage.
Your kick misses the ghost crab.
You headbutt the ghost crab, but do no damage.
The ghost crab is severely damaged.
You are engulfed in spectral mist.
The spectral death drake bites you.
The bunyip is engulfed in spectral mist.
The bunyip claws you!!
* * * LOW HITPOINT WARNING * * *
The bunyip misses you. You block the bunyip's attack.
The ghost crab barely misses you. The ghost crab claws you!
* * * LOW HITPOINT WARNING * * *
As you read the scroll of teleportation, it crumbles to dust.
You feel strangely unstable.
You are engulfed in spectral mist.
* * * LOW HITPOINT WARNING * * *
A vampire mosquito comes into view.
The spectral death drake bites you. x2
* * * LOW HITPOINT WARNING * * *
An eight-headed hydra comes into view.
The spectral death drake bites you.
* * * LOW HITPOINT WARNING * * *
The spectral death drake closely misses you.
The ghost crab barely misses you. The ghost crab closely misses you.
The bunyip claws you!!
* * * LOW HITPOINT WARNING * * *
The bunyip claws you!!
You die...

♣~.~.~.. .~♣♣♣..~~.~.♣
♣~..~.. ~~§.♣.....~.♣
♣♣.~.♣. ..w.~~>.§.♣.♣♣
♣.<~... ♣.~~~....~~~>♣♣
♣.♣....
~.~~§~~..~~~..♣♣♣♣......
~......○..~~~..♣♣..~§§~♣
♣..tZx~♣...~~.~...~~.
♣~○@°...♣~~~~~.~~~.♣
♣♣○xZ.~~~~.~~~..~~♣♣
♣♣~.○~~~§~~>~♣~§♣.♣
♣.~.~.~§~.~~.~.~~.♣
♣♣~..~~...~..♣...§♣
♣...~.~~.~.♣♣♣..♣♣
.D.#.~♣.....♣ ~.♣
♣.##..~.~~..♣.♣ .♣ ..
#.......♣~♣♣


You could see 2 bunyips, an eight-headed hydra (wandering), a ghost crab
(engulfed), 2 spectral death drakes and a swamp worm.

Vanquished Creatures
  Josephine (Orc:1)
  2 fire dragons (D:15)
  5 hydras
  An ice dragon (D:15)
  An ogre mage (Orc:2)
  9 two-headed ogres
  5 centaur warriors
  3 tengu warriors (D:15)
  3 boulder beetles
  3 death yaks
  Urug (Lair:1)
  2 skysharks
  2 goliath frogs (Lair:5)
  2 deep trolls (Orc:2)
  2 orc knights
  Pikel (D:8)
  A bog body (Swamp:1)
  3 deep elf pyromancers
  A lindwurm (Lair:4)
  A manticore (D:12)
  2 wolf spiders
  A cyclops (shapeshifter) (D:13)
  An ugly thing (D:12)
  5 cyclopes
  2 black mambas
  An elephant (D:10)
  The ghost of GriffinBr the Chopper, a novice MiBe of Trog (D:5)
  A gargoyle (D:14)
  The ghost of ababab the Jinx, a novice FeEn (D:9)
  2 unseen horrors
  21 cane toads
  A rime drake (Lair:5)
  2 tengu conjurers
  An efreet (D:15)
  6 komodo dragons
  15 trolls
  3 polar bears
  A tyrant leech (Lair:5)
  15 blink frogs
  Prince Ribbit (D:8)
  A spriggan (shapeshifter) (D:13)
  2 jumping spiders (Lair:2)
  A jumping spider (shapeshifter) (D:13)
  4 wraiths (Orc:1)
  A culicivora (shapeshifter) (D:13)
  A shadow (D:9)
  45 yaks
  4 wyverns
  Grum (D:8)
  A redback (D:13)
  11 vampire mosquitoes
  6 basilisks
  A steam dragon (D:8)
  Menkaure (D:6)
  An acid dragon (D:13)
  6 water moccasins
  13 orc warriors
  A sky beast (D:7)
  4 black bears
  9 wolves
  18 ogres
  15 centaurs
  4 lemures (D:8)
  Blork the orc (D:6)
  18 bullfrogs
  4 kobold brigands
  2 gnoll sergeants
  A scorpion (D:7)
  10 wights
  7 killer bees (D:9)
  2 electric eels
  2 lava snakes (Lair:3)
  5 hounds
  2 jellies (Sewer)
  10 orc priests
  2 gnoll boudas
  4 iguanas
  2 sleepcaps (D:4)
  5 hell rats (Lair:5)
  13 orc wizards
  A mummy (D:6)
  12 gnolls
  8 adders
  4 river rats
  An ufetubus (D:5)
  A worm (Sewer)
  5 dart slugs
  38 orcs
  9 bats
  12 endoplasms
  6 giant cockroaches
  7 goblins
  8 hobgoblins
  6 quokkas
  14 ball pythons
  8 frilled lizards
  12 kobolds
  10 rats
535 creatures vanquished.

Vanquished Creatures (collateral kills)
  A death knight (D:9)
  2 two-headed ogres
  A tengu warrior (D:11)
  A lindwurm (Lair:4)
  3 cyclopes
  3 blink frogs (Lair:4)
  6 yaks
  A wraith (D:10)
  2 ogres (Orc:2)
  2 wolves
  2 bullfrogs
  2 electric eels (Lair:3)
  A howler monkey (D:10)
  A lava snake (Lair:3)
  A hound (D:6)
  3 gnolls
  An adder (D:5)
  A shadow imp (D:6)
  A white imp (D:6)
  A dart slug (D:1)
  An orc (Orc:2)
  A ball python (D:2)
  2 endoplasms (D:1)
  A giant cockroach (Sewer)
  A quokka (D:1)
  3 kobolds (D:6)
  2 rats
47 creatures vanquished.

Vanquished Creatures (others)
  An ironbound preserver (D:14)
  A fire dragon (D:14)
  2 centaur warriors (D:14)
  A catoblepas (D:13)
  A skyshark (Lair:4)
  A deep elf pyromancer (D:14)
  2 cyclopes (D:14)
  A manticore (D:14)
  Joseph (D:8)
  A freezing wraith (D:14)
  2 kobold demonologists (D:9)
  An efreet (D:14)
  A bloated husk (Swamp:1)
  A troll (D:12)
  19 slime creatures
  A basilisk (D:15)
  2 wraiths
  2 yaks
  2 water moccasins
  A phantom (D:7)
  2 bullfrogs (Lair:2)
  A hornet simulacrum (D:14)
  2 killer bees (D:9)
  2 howler monkeys (D:7)
  2 orc priests
  80 jellies
  A sleepcap (D:7)
  2 orc wizards
  7 gnolls
  A worm (D:5)
  10 orcs
  A goblin (shapeshifter) (D:15)
  6 kobolds
161 creatures vanquished.

Grand Total: 743 creatures vanquished

Notes
Turn   | Place    | Note
-------+----------+-------------------------------------------
     0 | D:1      | SacredBeard the Demonspawn Necromancer began the quest for
                  | the Orb.
     0 | D:1      | Reached XP level 1. HP: 13/13 MP: 3/3
    45 | D:1      | Gained mutation: You regenerate magic rapidly. [demonic
                  | ancestry]
    45 | D:1      | Reached XP level 2. HP: 20/20 MP: 0/5
   157 | D:1      | Reached skill level 1 in Fighting
   179 | D:1      | Got Icyser's Compendium of the Deep Freeze
   243 | D:1      | Reached XP level 3. HP: 26/26 MP: 3/6
   371 | D:1      | Reached skill level 1 in Armour
   503 | D:1      | Found a faded altar of an unknown god.
   827 | D:2      | Gained mutation: You have a somewhat thin skeletal
                  | structure. (Dex +2, Stealth+) [demonic ancestry]
   827 | D:2      | Reached XP level 4. HP: 32/32 MP: 3/7
   875 | D:2      | Identified the +6 quarterstaff of the Kidney {heavy, Dex+6}
  1535 | D:3      | Reached skill level 1 in Throwing
  1535 | D:3      | Reached skill level 5 in Necromancy
  1577 | D:3      | Identified the +2 robe of the Fae God {Archmagi}
  1830 | D:3      | Gained mutation: When hurt, damage is shared between your
                  | health and your magic reserves. [demonic ancestry]
  1830 | D:3      | Reached XP level 5. HP: 38/38 MP: 3/8
  2056 | D:3      | Found a glowing drain.
  2089 | Sewer    | Entered a sewer
  2354 | Sewer    | Found a viscous altar of Jiyva.
  2362 | Sewer    | Gained mutation: You have a moderately thin skeletal
                  | structure. (Dex +4, Stealth++) [demonic ancestry]
  2362 | Sewer    | Reached XP level 6. HP: 46/46 MP: 4/9
  2477 | Sewer    | Became a worshipper of Jiyva Jiapno the Shapeless
  3026 | D:4      | Found a hide-covered altar of Uskayaw.
  3048 | D:4      | Reached * piety under Jiyva
  3375 | D:4      | Reached ** piety under Jiyva
  3387 | D:4      | Reached XP level 7. HP: 52/52 MP: 6/10
  3897 | D:5      | Entered Level 5 of the Dungeon
  3922 | D:5      | Reached skill level 1 in Evocations
  4142 | D:5      | Found an ornate altar of the Wu Jian Council.
  4286 | D:5      | Found a sparkling altar of Nemelex Xobeh.
  4396 | D:5      | Reached *** piety under Jiyva
  4436 | D:5      | Found an ancient bone altar of Kikubaaqudgha.
  4452 | D:5      | Found a runed translucent door.
  4461 | D:5      | Gained mutation: You are robust. (+10% HP) [Jiyva's grace]
  4461 | D:5      | Gained mutation: You are very robust. (+20% HP) [Jiyva's
                  | grace]
  4461 | D:5      | Gained mutation: You are extremely robust. (+30% HP)
                  | [Jiyva's grace]
  4461 | D:5      | Gained mutation: Your movements are slightly less
                  | encumbered by armour. (ER -2) [Jiyva's grace]
  4762 | D:5      | Noticed GriffinBr's ghost (novice MiBe)
  4947 | D:6      | Noticed a boulder beetle
  4947 | D:6      | Noticed a yak
  5014 | D:6      | Noticed Menkaure
  5104 | D:6      | Noticed a yak
  5151 | D:7      | Gained mutation: When low on magic, you restore magic in
                  | place of health. [demonic ancestry]
  5151 | D:7      | Reached XP level 8. HP: 50/79 MP: 2/11
  5272 | D:7      | Reached **** piety under Jiyva
  5287 | D:7      | Found a staircase to the Ecumenical Temple.
  5302 | D:7      | Reached skill level 5 in Evocations
  5787 | D:8      | Noticed Prince Ribbit
  5794 | D:8      | Noticed Grum
  5796 | D:8      | Noticed Pikel
  5836 | D:8      | Reached skill level 5 in Fighting
  6021 | D:8      | Killed Grum
  6071 | D:8      | Killed Prince Ribbit
  6111 | D:8      | Killed Pikel
  6112 | D:8      | Gained mutation: You have large cloven feet. [demonic
                  | ancestry]
  6112 | D:8      | Reached XP level 9. HP: 86/97 MP: 10/12
  6141 | D:8      | Noticed Joseph
  6208 | D:8      | Reached ***** piety under Jiyva
  6266 | D:8      | Noticed a two-headed ogre
  6298 | D:8      | Killed a two-headed ogre
  6299 | D:8      | Reached skill level 3 in Long Blades
  6371 | D:8      | Killed Joseph
  6372 | D:8      | Reached skill level 4 in Long Blades
  6514 | D:6      | Killed Menkaure
  6570 | D:6      | Reached skill level 5 in Long Blades
  6630 | D:6      | Killed a boulder beetle
  6631 | D:6      | Reached skill level 6 in Long Blades
  6631 | D:6      | Gained mutation: You have hoof-like feet. [demonic
                  | ancestry]
  6631 | D:6      | Reached XP level 10. HP: 107/107 MP: 11/13
  6697 | D:6      | Noticed a cyclops
  6712 | D:6      | Killed a cyclops
  6783 | D:6      | Found a snail-covered altar of Cheibriados.
  6836 | D:6      | Lost mutation: You are extremely robust. (+30% HP) [Jiyva's
                  | grace]
  6836 | D:6      | Lost mutation: You are very robust. (+20% HP) [Jiyva's
                  | grace]
  6836 | D:6      | Gained mutation: You possess an exceptional clarity of
                  | mind. [Jiyva's grace]
  6836 | D:6      | Gained mutation: You are agile. (Dex +4, Str/Int -1)
                  | [Jiyva's grace]
  6836 | D:6      | Gained mutation: You are very agile. (Dex +8, Str/Int -2)
                  | [Jiyva's grace]
  6836 | D:6      | Gained mutation: Your movements are less encumbered by
                  | armour. (ER -4) [Jiyva's grace]
  6887 | D:6      | Noticed Blork the orc
  6898 | D:6      | Killed Blork the orc
  6899 | D:6      | Reached skill level 7 in Long Blades
  7104 | D:6      | Reached skill level 8 in Long Blades
  7330 | D:9      | Noticed an elephant
  7330 | D:9      | Found a staircase to the Lair.
  7439 | D:10     | Entered Level 10 of the Dungeon
  7494 | D:10     | Killed an elephant
  8194 | D:9      | Noticed a death knight
  8583 | D:5      | Gained mutation: You have hooves in place of feet. [demonic
                  | ancestry]
  8583 | D:5      | Reached XP level 11. HP: 95/96 MP: 12/14
  8618 | D:5      | Killed GriffinBr's ghost
  8831 | D:9      | Found a runed translucent gate.
  8831 | D:9      | Found a runed translucent gate.
  8832 | D:9      | Noticed a nine-headed hydra
  8833 | D:9      | Found a runed translucent gate.
  8834 | D:9      | Noticed ababab's ghost (novice FeEn)
  8945 | D:10     | Reached ****** piety under Jiyva
  9074 | D:10     | Noticed a two-headed ogre
  9105 | D:10     | Killed a two-headed ogre
  9106 | D:10     | Reached skill level 9 in Long Blades
  9347 | D:10     | Found a bloodstained altar of Trog.
  9400 | D:10     | Found a runed translucent gate.
  9400 | D:10     | Found a runed translucent gate.
  9400 | D:10     | Found a runed translucent gate.
  9402 | D:10     | Noticed aleksiErkki's ghost (novice DECj)
  9438 | D:10     | Lost mutation: You are very agile. (Dex +8, Str/Int -2)
                  | [Jiyva's grace]
  9438 | D:10     | Lost mutation: You possess an exceptional clarity of mind.
                  | [Jiyva's grace]
  9438 | D:10     | Lost mutation: You are robust. (+10% HP) [Jiyva's grace]
  9438 | D:10     | Gained mutation: Your translucent skin slightly reduces
                  | your foes' accuracy. (Stealth+) [Jiyva's grace]
  9438 | D:10     | Gained mutation: Your translucent skin reduces your foes'
                  | accuracy. (Stealth+) [Jiyva's grace]
  9438 | D:10     | Gained mutation: Your transparent skin significantly
                  | reduces your foes' accuracy. (Stealth+) [Jiyva's grace]
  9438 | D:10     | Gained mutation: You are resistant to electric shocks.
                  | (rElec) [Jiyva's grace]
  9506 | D:10     | Found an opulent altar of Gozag.
 10257 | D:11     | Found Qagum's Neck Hole.
 10298 | D:11     | Noticed a tengu warrior
 10316 | D:11     | Killed a tengu warrior
 10317 | D:11     | Reached skill level 5 in Throwing
 10317 | D:11     | Reached skill level 5 in Armour
 10317 | D:11     | Reached skill level 5 in Dodging
 10328 | D:11     | Reached skill level 10 in Long Blades
 10350 | D:11     | Noticed a glowing orange brain
 10351 | D:11     | Found a viscous altar of Jiyva.
 10468 | D:11     | Reached skill level 1 in Shields
 10685 | D:11     | Found a transporter.
 10687 | D:11     | Found a transporter.
 10692 | D:11     | Identified the staff of air "Lulatz" {Fly rElec rPois
                  | Will++ Str-3}
 10807 | D:12     | Noticed a boulder beetle
 10848 | D:12     | Killed a boulder beetle
 10849 | D:12     | Gained mutation: You sometimes gain a little power by
                  | taking damage. [demonic ancestry]
 10849 | D:12     | Reached XP level 12. HP: 80/96 MP: 15/15
 10864 | D:12     | Found a staircase to the Orcish Mines.
 11167 | D:12     | Reached skill level 11 in Long Blades
 11486 | D:13     | Noticed a six-headed hydra
 11546 | D:13     | Killed a catoblepas
 11565 | D:13     | Lost mutation: You are agile. (Dex +4, Str/Int -1) [Jiyva's
                  | grace]
 11565 | D:13     | Lost mutation: Your transparent skin significantly reduces
                  | your foes' accuracy. (Stealth+) [Jiyva's grace]
 11565 | D:13     | Lost mutation: Your movements are less encumbered by
                  | armour. (ER -4) [Jiyva's grace]
 11565 | D:13     | Gained mutation: Your transparent skin significantly
                  | reduces your foes' accuracy. (Stealth+) [Jiyva's grace]
 11565 | D:13     | Gained mutation: You have a small jelly attached to you
                  | that senses nearby items. [Jiyva's grace]
 11565 | D:13     | Gained mutation: You are agile. (Dex +4, Str/Int -1)
                  | [Jiyva's grace]
 11565 | D:13     | Gained mutation: You are very agile. (Dex +8, Str/Int -2)
                  | [Jiyva's grace]
 11603 | D:13     | Reached skill level 1 in Summonings
 11616 | D:13     | Noticed a boulder beetle
 11672 | D:13     | Reached skill level 10 in Fighting
 11794 | D:13     | Noticed a centaur warrior
 11808 | D:13     | Killed a centaur warrior
 11924 | D:13     | Noticed a seven-headed hydra
 12030 | D:14     | Noticed a centaur warrior
 12038 | D:14     | Killed a centaur warrior
 12142 | D:14     | Killed an ironbound preserver
 12292 | D:14     | Noticed a centaur warrior
 12299 | D:14     | Killed a centaur warrior
 12303 | D:14     | Killed a centaur warrior
 12320 | D:14     | Killed a fire dragon
 12518 | D:14     | Killed a centaur warrior
 12524 | D:14     | Found a gate to the Vaults.
 12563 | D:14     | Noticed an eight-headed hydra
 12591 | D:14     | Found an iron altar of Okawaru.
 12617 | D:14     | Killed an 11-headed hydra
 12656 | D:14     | Found Zipox's Magic Scroll Emporium.
 12665 | D:14     | Bought a scroll of amnesia for 56 gold pieces
 12665 | D:14     | Bought a scroll of identify for 28 gold pieces
 12665 | D:14     | Bought a scroll of fog for 56 gold pieces
 13003 | D:15     | Entered Level 15 of the Dungeon
 13030 | D:15     | Killed a boulder beetle
 13031 | D:15     | Reached skill level 12 in Long Blades
 13076 | D:15     | Noticed a tengu warrior
 13088 | D:15     | Killed a tengu warrior
 13138 | D:15     | Noticed a fire dragon
 13164 | D:15     | Killed a fire dragon
 13247 | D:15     | Noticed a tengu warrior
 13249 | D:15     | Noticed a fire dragon
 13265 | D:15     | Killed a tengu warrior
 13281 | D:15     | Killed a fire dragon
 13428 | D:15     | Reached XP level 13. HP: 104/104 MP: 16/16
 13671 | D:15     | Reached skill level 5 in Shields
 13703 | D:15     | Noticed Agnes
 13750 | D:15     | Lost mutation: You are very agile. (Dex +8, Str/Int -2)
                  | [Jiyva's grace]
 13750 | D:15     | Lost mutation: You are resistant to electric shocks.
                  | (rElec) [Jiyva's grace]
 13750 | D:15     | Lost mutation: Your transparent skin significantly reduces
                  | your foes' accuracy. (Stealth+) [Jiyva's grace]
 13750 | D:15     | Gained mutation: You are strong-willed. (Will+) [Jiyva's
                  | grace]
 13750 | D:15     | Gained mutation: You are highly strong-willed. (Will++)
                  | [Jiyva's grace]
 13750 | D:15     | Gained mutation: You are extremely strong-willed. (Will+++)
                  | [Jiyva's grace]
 13750 | D:15     | Gained mutation: You have a pair of small antennae on your
                  | head. [Jiyva's grace]
 13880 | D:15     | Found a staircase to the Depths.
 14372 | Orc:1    | Entered Level 1 of the Orcish Mines
 14497 | Orc:1    | You fall into a shaft and drop 1 floor!
 14497 | Orc:2    | Entered Level 2 of the Orcish Mines
 14525 | Orc:2    | Found a staircase to the Elven Halls.
 14594 | Orc:2    | Reached skill level 5 in Summonings
 14781 | Orc:1    | Noticed Josephine
 14795 | Orc:1    | Killed Josephine
 14796 | Orc:1    | Reached skill level 13 in Long Blades
 15449 | Orc:2    | Learned a level 2 spell: Passwall
 15557 | Orc:1    | Lost mutation: You have a pair of small antennae on your
                  | head. [Jiyva's grace]
 15557 | Orc:1    | Lost mutation: Your translucent skin reduces your foes'
                  | accuracy. (Stealth+) [Jiyva's grace]
 15557 | Orc:1    | Gained mutation: Your translucent skin reduces your foes'
                  | accuracy. (Stealth+) [Jiyva's grace]
 15557 | Orc:1    | Gained mutation: Your transparent skin significantly
                  | reduces your foes' accuracy. (Stealth+) [Jiyva's grace]
 15557 | Orc:1    | Gained mutation: Your spells are a little harder to cast,
                  | but a little more powerful. [Jiyva's grace]
 15557 | Orc:1    | Gained mutation: Your spells are harder to cast, but more
                  | powerful. [Jiyva's grace]
 15973 | Orc:2    | Reached skill level 14 in Long Blades
 16011 | Orc:2    | Reached XP level 14. HP: 114/114 MP: 17/19
 16084 | Orc:2    | Found Juwkiodeyc's Armour Boutique.
 16085 | Orc:2    | Found Minesk's Magic Scroll Shop.
 16090 | Orc:2    | Found Astrosto's Weapon Emporium.
 16099 | Orc:2    | Found Eluocsi's Book Boutique.
 16458 | D:9      | Killed ababab's ghost
 16585 | Lair:1   | Entered Level 1 of the Lair of Beasts
 16593 | Lair:1   | Noticed Urug
 16678 | Lair:1   | Killed Urug
 17309 | Lair:1   | Noticed kalagan's ghost (journeyman DECj)
 17311 | Lair:1   | Found a transporter.
 17315 | Lair:1   | Found a transporter.
 18054 | Lair:2   | Reached skill level 5 in Spellcasting
 18058 | Lair:2   | Found a hole to the Spider Nest.
 18162 | Lair:2   | Lost mutation: You are agile. (Dex +4, Str/Int -1) [Jiyva's
                  | grace]
 18162 | Lair:2   | Lost mutation: You are extremely strong-willed. (Will+++)
                  | [Jiyva's grace]
 18162 | Lair:2   | Lost mutation: Your transparent skin significantly reduces
                  | your foes' accuracy. (Stealth+) [Jiyva's grace]
 18162 | Lair:2   | Lost mutation: Your translucent skin reduces your foes'
                  | accuracy. (Stealth+) [Jiyva's grace]
 18162 | Lair:2   | Lost mutation: Your movements are slightly less encumbered
                  | by armour. (ER -2) [Jiyva's grace]
 18162 | Lair:2   | Gained mutation: You have a pair of small horns on your
                  | head. [Jiyva's grace]
 18162 | Lair:2   | Gained mutation: You have a pair of horns on your head.
                  | [Jiyva's grace]
 18162 | Lair:2   | Gained mutation: You have a pair of large horns on your
                  | head. [Jiyva's grace]
 18162 | Lair:2   | Gained mutation: Your melee attacks may engulf your foes in
                  | ooze. [Jiyva's grace]
 18902 | Lair:3   | Found a staircase to the Swamp.
 19371 | Lair:3   | Reached skill level 15 in Long Blades
 20145 | Lair:5   | Entered Level 5 of the Lair of Beasts
 20729 | Lair:5   | Lost mutation: Your spells are harder to cast, but more
                  | powerful. [Jiyva's grace]
 20729 | Lair:5   | Lost mutation: Your melee attacks may engulf your foes in
                  | ooze. [Jiyva's grace]
 20729 | Lair:5   | Gained mutation: Your melee attacks may engulf your foes in
                  | ooze. [Jiyva's grace]
 20729 | Lair:5   | Gained mutation: Your flesh is heat resistant. (rF+)
                  | [Jiyva's grace]
 20729 | Lair:5   | Gained mutation: Your flesh is very heat resistant. (rF++)
                  | [Jiyva's grace]
 20729 | Lair:5   | Gained mutation: Your flesh is almost immune to the effects
                  | of heat. (rF+++) [Jiyva's grace]
 20773 | Lair:5   | Reached skill level 16 in Long Blades
 20955 | Lair:5   | Gained mutation: You sometimes gain power by taking damage.
                  | [demonic ancestry]
 20955 | Lair:5   | Reached XP level 15. HP: 124/124 MP: 22/22
 21226 | Lair:5   | Found a staircase to the Slime Pits.
 21227 | Lair:5   | Found a viscous altar of Jiyva.
 21688 | Slime:1  | Entered Level 1 of the Pits of Slime
 21697 | Slime:1  | Noticed an acid blob
 21765 | Slime:1  | Noticed an acid blob
 21779 | Slime:1  | Noticed an azure jelly
 21927 | Slime:2  | Noticed an azure jelly
 21962 | Slime:2  | Noticed a rockslime
 21969 | Slime:2  | Noticed Dissolution
 22082 | Slime:2  | Noticed an azure jelly
 22175 | Slime:2  | Noticed an acid blob
 22189 | Slime:3  | Noticed a rockslime
 22189 | Slime:3  | Noticed an acid blob
 22310 | Slime:3  | Noticed a rockslime
 22332 | Slime:3  | Noticed a rockslime
 22363 | Slime:3  | Noticed an acid blob
 22428 | Slime:4  | Noticed a rockslime
 22556 | Slime:5  | Entered Level 5 of the Pits of Slime
 22624 | Slime:5  | Noticed an acid blob
 22632 | Slime:5  | Noticed an azure jelly
 22646 | Slime:5  | Noticed an acid blob
 22651 | Slime:5  | Noticed an acid blob
 22652 | Slime:5  | Noticed a rockslime
 22721 | Slime:5  | Noticed the Royal Jelly
 22729 | Slime:5  | Noticed an acid blob
 22744 | Slime:5  | Noticed an acid blob
 22744 | Slime:5  | Noticed a rockslime
 22745 | Slime:5  | Found a viscous altar of Jiyva.
 22746 | Slime:5  | Noticed an acid blob
 22749 | Slime:5  | Identified the +1 leather armour of Eternity {rF+ rC+}
 22750 | Slime:5  | Identified the +0 scale mail "Calan" {Rampage Drain Regen+
                  | Str+4}
 22751 | Slime:5  | Identified the +1 leather armour "Avuqakko" {Str+4 Stlth-}
 22753 | Slime:5  | Got the Spellbook of Bewitchment
 22761 | Slime:5  | Identified the staff of conjuration "Voes" {rCorr Int+2}
 22763 | Slime:5  | Identified the ring of Mipralag {*Corrode +Blink rN+++
                  | Str-3 Int+6}
 22770 | Slime:5  | Identified the ring "Ozupip" {rC+ Will++}
 22780 | Slime:5  | Identified the +2 ring mail of the Eternal Void {Contam
                  | rC++ Regen+ rCorr}
 22782 | Slime:5  | Got a slimy rune of Zot
 22793 | Slime:5  | Got the Codex of Mortification
 22813 | Slime:5  | Noticed an acid blob
 22947 | Swamp:1  | Entered Level 1 of the Swamp
 22963 | Swamp:1  | Found a frozen archway.
 22976 | Swamp:1  | HP: 1/124 [bunyip (14)]
 22976 | Swamp:1  | Annihilated by a bunyip

Illustrated notes

Levels and vault maps discovered:
D:1:      heliophobic_arrival_dark_side_of_the_moon, layout_rooms,
          basic_ecumenical_altar, minmay_heptomino_o4
D:2:      layout_rooms
D:3:      layout_basic, portal_sewer_entry_c, kennysheep_path_1,
          kennysheep_boxes
D:4:      minmay_spotlight, layout_cave_pods, nicolae_uskayaw_dance_hall
D:5:      layout_loops_corners, kennysheep_little_box,
          mainiacjoe_overflow_cross_hatched, nicolae_overflow_crystal_walls,
          ebering_ghost_sewer_d, lemuel_flamethrower_2
D:6:      layout_basic, slow_altar_2, chequers_avenue, minmay_small_thing,
          uniq_menkaure, uniq_blork_the_orc
D:7:      layout_loops_ring, minmay_temple_entry_overgrown
D:8:      layout_basic, chequers_mini_garden, uniq_prince_ribbit1, uniq_grum,
          uniq_joseph, uniq_pikel
D:9:      hangedman_cross_stitches, layout_loops_corners, david_lair_generic,
          gammafunk_ghost_hydra_chop
D:10:     layout_basic, trog_ov_bears_minmay, mainiacjoe_overflow_alcove_2,
          enter_bailey_2, gammafunk_ghost_necromancy
D:11:     gammafunk_jiyva_shrine, layout_gridville,
          nicolae_shop_sticking_my_neck_out
D:12:     layout_loops_ring, orc_0_dummy
D:13:     layout_basic, minmay_shattered_shrine
D:14:     layout_loops_corners, skrybe_vaults_entry_preservation, serial_shops,
          nicolae_shop_tiny_waterfront, gauntlet_entry_generic,
          okawaru_ov_weapons_minmay
D:15:     grunt_enter_depths_hoard, layout_loops_ring, roderic_roman_lattice,
          minmay_mirror_moons_of_madness, uniq_agnes
Lair:1:   layout_cave_pods, gammafunk_ghost_hive, mumra_transporter_accident,
          uniq_urug
Lair:2:   layout_loops_ring, spider_nest_entry_funnel_web, grunt_megastairs_3
Lair:3:   statuecave_lemuel, layout_small_grid, minmay_swamp_entry_swarm,
          nicolae_lair_liquid_snakes
Lair:4:   layout_misc_corridors, nicolae_lair_lindhole
Lair:5:   minmay_lair_end_frog_pond, layout_cave_pods, slime_entry_1
Swamp:1:  layout_falls_marsh, portal_ice_cave_entry_pillars_three,
          evilmike_swamp_ruin_house_2
Slime:1:  layout_caves
Slime:2:  layout_caves, uniq_dissolution
Slime:3:  layout_caves
Slime:4:  layout_caves
Slime:5
Orc:1:    layout_diamond_mine, mines2_david, uniq_josephine
Orc:2:    st_orc_open, layout_caves, nicolae_orc_damp_corner, mines2_lemuel

Skill      XL: |  1  2  3  4  5  6  7  8  9 10 11 12 13 14 |
---------------+-------------------------------------------+-----
Stealth        | 2 3 |  3.0
Dodging        | 2 3 5 |  5.0
Fighting       | 1 2 3 4 8 9 10 11 13 | 13.5
Armour         | 1 2 3 5 |  5.0
Throwing       | 1 2 3 5 |  5.0
Necromancy     | 5 6 7 |  7.0
Evocations     | 4 6 |  6.0
Long Blades    | 6 8 10 12 14 16 | 16.2
Shields        | 2 4 5 |  5.0
Summonings     | 4 6 |  6.0
Spellcasting   | 3 5 |  5.0

Action                     |  1- 3 |  4- 6 |  7- 9 | 10-12 | 13-15 || total
---------------------------+-------+-------+-------+-------+-------++-------
  Melee: Hand axe          |    26 |       |       |       |       ||    26
         Short sword       |       |     2 |       |       |       ||     2
         Dagger            |       |     6 |   139 |   266 |       ||   411
         Punch             |       |       |     1 |     4 |       ||     5
         Kick              |       |       |    23 |   252 |   308 ||   583
         Long sword        |       |       |       |   279 |   704 ||   983
         Scimitar          |       |       |       |       |    37 ||    37
         Headbutt          |       |       |       |       |    89 ||    89
  Throw: Stone             |       |     1 |     5 |    20 |    28 ||    54
         Dart              |       |       |     3 |    10 |     1 ||    14
   Cast: Necrotise         |    55 |   161 |   194 |   441 |   540 ||  1391
  Evoke: Wand              |       |       |     2 |     8 |       ||    10
    Use: Scroll            |       |       |     3 |    10 |     7 ||    20
         Potion            |       |       |       |     2 |     1 ||     3
   Stab: Sleeping          |       |       |     1 |     4 |     5 ||    10
         Invisible         |       |       |       |     1 |     2 ||     3
         Distracted        |       |       |       |       |     3 ||     3
 Armour: Robe              |    10 |     6 |    70 |   119 |    85 ||   290
         Leather armour    |       |     2 |       |       |       ||     2
         Ring mail         |       |       |       |       |     1 ||     1
  Dodge: Dodged            |    33 |    38 |   250 |   700 |  1048 ||  2069
  Block: Buckler           |       |       |       |   113 |   344 ||   457
